 Dungeon Crawl Stone Soup version 0.20-a0-809-gaf7f668 (webtiles) character file.

161 dvd the Stinger (level 5, -2/32 HPs)
             Began as an Octopode Venom Mage on Mar 2, 2017.
             Slain by Grinder (5 damage)
             ... on level 3 of the Dungeon on Mar 3, 2017.
             The game lasted 00:06:18 (2427 turns).

dvd the Stinger (Octopode Venom Mage)               Turns: 2427, Time: 00:06:21

Health: -2/32      AC:  1    Str:  7    XL:     5   Next: 42%
Magic:  9/9        EV: 13    Int: 19    God:
Gold:   99         SH:  0    Dex: 12    Spells: 3/10 levels left

rFire    . . .     SeeInvis +   a - +0 hand axe
rCold    . . .     Gourm    .   (no shield)
rNeg     . . .     Faith    .   (helmet restricted)
rPois    .         Spirit   .   p - amulet of regeneration
rElec    .         Reflect  .   g - +4 ring of slaying
rCorr    .         Harm     .   l - ring of see invisible
MR       .....                  (no ring)
Stlth    +++.......             (no ring)
Regen    0.5/turn               (no ring)
MPRegen  0.2/turn               (no ring)
                                (no ring)
                                (no ring)

@: very slightly contaminated, hasted, very quick
A: almost no armour, stealthy swim, amphibious, 8 rings, constrict 8, camouflage
1, gelatinous body 1
a: no special abilities


You were on level 3 of the Dungeon.
You were not hungry.

You visited 1 branch of the dungeon, and saw 3 of its levels.

You collected 99 gold pieces.

Inventory:

Hand Weapons
 a - a +0 hand axe (weapon)
Magical Staves
 u - an uncursed staff of wizardry {unknown}
Jewellery
 g - a +4 ring of slaying (left tentacle)
 l - a ring of see invisible (right tentacle)
 p - an amulet of regeneration (around mantle)
Scrolls
 d - 4 scrolls of remove curse {unknown}
 f - a scroll of immolation {unknown}
 i - a scroll of identify {unknown}
 j - 2 scrolls of magic mapping {unknown}
 k - a scroll of amnesia {unknown}
 r - a scroll of enchant weapon {unknown}
 v - a scroll of teleportation {unknown}
Potions
 h - a potion of degeneration {unknown}
 m - a potion of agility {unknown}
 q - a potion of haste
 s - a potion of might {unknown}
Books
 c - a Young Poisoner's Handbook

   Spells                             Type                      Level
   a - Sting                          Conjuration/Poison           1
   b - Poisonous Vapours              Poison/Air                   2
   c - Mephitic Cloud                 Conjuration/Poison/Air       3
   d - Olgreb's Toxic Radiance        Poison                       4
   e - Venom Bolt                     Conjuration/Poison           5
Comestibles
 b - 3 bread rations
 n - 4 chunks of flesh
 o - a fruit
 t - a meat ration


   Skills:
 + Level 0.6 Fighting
 + Level 1.6 Axes
 + Level 2.2 Dodging
 + Level 3.6 Stealth
 + Level 0.2 Unarmed Combat
 + Level 3.0 Spellcasting
 + Level 1.2 Conjurations
 + Level 1.6 Air Magic
 + Level 4.5 Poison Magic


You had 3 spell levels left.
You knew the following spells:

 Your Spells              Type           Power        Failure   Level  Hunger
a - Sting                 Conj/Pois      ##..         6%          1    None
b - Poisonous Vapours     Pois/Air       ##....       10%         2    ##.....
c - Olgreb's Toxic Radia  Pois           ###.....     28%         4    ####...


Dungeon Overview and Level Annotations

Branches:
Dungeon (3/15)

Altars:
Dithmenos

Annotations:
D:3 Grinder


Innate Abilities, Weirdness & Mutations

You cannot wear most types of armour.
You are very stealthy in the water. (Stealth+)
You are amphibious.
You can wear up to eight rings at the same time.
You can use your tentacles to constrict eight enemies at once.
Your skin changes colour to match your surroundings (Stealth+).
Your rubbery body absorbs attacks. (AC +1, EV +1)


Message History

You writhe in agony.
* * * LOW HITPOINT WARNING * * *
It was a potion of haste.
You feel yourself speed up.
You constrict Grinder. The goblin misses you.
Grinder says, "I used to sell toenails on the black market."
Grinder hits you but does no damage.
You are very lightly contaminated with residual magic.
It was a potion of curing.
You feel better.
You constrict Grinder, but do no damage.
The ball python bites you.
* * * LOW HITPOINT WARNING * * *
The ball python barely misses you. The goblin hits you but does no damage.
You hit Grinder but do no damage.
Grinder is severely wounded.
You hit the goblin. You hit the ball python.
You kill the ball python!
You constrict Grinder. Grinder hits you.
* * * LOW HITPOINT WARNING * * *
You writhe in agony.
You die...

### #.. #.# #.# ## #.#
.# #)# .# ##.#######
.####
##.)......#######)...###
..........†.....@5....>.
.........).######g......
##.........# .......
##########.# ....... #
#.# ....... # #.#
......$ #### #.# .......
...# #.# ....... ##.#
#.#


You could see Grinder and a goblin.

Vanquished Creatures
  An orc wizard (D:3)
  2 adders (D:2)
  3 gnolls
  2 oozes
  3 worms
  A leopard gecko (D:1)
  6 orcs (D:3)
  A ball python (D:3)
  2 giant cockroaches (D:2)
  4 goblins
  8 hobgoblins
  7 jackals (D:3)
  7 kobolds
  7 bats
  3 frilled lizards
  5 rats
62 creatures vanquished.

Notes
Turn   | Place    | Note
-------+----------+-------------------------------------------
     0 | D:1      | dvd the Octopode Venom Mage began the quest for the Orb.
     0 | D:1      | Reached XP level 1. HP: 11/11 MP: 3/3
   246 | D:1      | Reached XP level 2. HP: 11/17 MP: 0/5
   615 | D:1      | Learned a level 2 spell: Poisonous Vapours
   998 | D:2      | Found a faded altar of an unknown god.
  1102 | D:2      | Found a shadowy altar of Dithmenos.
  1181 | D:2      | Reached skill level 4 in Poison Magic
  1181 | D:2      | Reached XP level 3. HP: 17/21 MP: 4/6
  1423 | D:2      | Reached skill level 1 in Axes
  1444 | D:1      | Reached XP level 4. HP: 14/27 MP: 2/7
  1500 | D:2      | Reached skill level 1 in Air Magic
  2045 | D:3      | Reached XP level 5. HP: 31/31 MP: 9/9
  2404 | D:3      | Learned a level 4 spell: Olgreb's Toxic Radiance
  2415 | D:3      | Noticed Grinder
  2424 | D:3      | HP: 1/32 [Grinder (1)]
  2427 | D:3      | Slain by Grinder

Vault maps used:
D:1:      dpeg_arrival_renting
D:2:      nicolae_overflow_hidden_temple,
          chequers_ecumenical_altar_simple_redux, bh_chokoban,
          grunt_dithmenos_smoke_and_mirrors
D:3:      first_bread, minmay_crystal_room, uniq_sigmund, uniq_grinder

Skill      XL: |  1  2  3  4  5 |
---------------+----------------+-----
Stealth        | 3 |  3.6
Poison Magic   | 4 |  4.5
Axes           | 1 |  1.6
Air Magic      | 1 |  1.6
Spellcasting   | 3 |  3.0
Fighting       | |  0.6
Dodging        | |  2.2
Unarmed Combat | |  0.2
Conjurations   | |  1.2

Action                   |  1- 3 |  4- 6 || total
-------------------------+-------+-------++-------
Melee: Hand axe          |    25 |    44 ||    69
       Constrict         |     9 |    12 ||    21
       Tentacles         |     7 |     9 ||    16
       Unarmed           |     3 |       ||     3
 Cast: Sting             |    12 |       ||    12
       Poisonous Vapours |    16 |    23 ||    39
  Use: Potion            |       |     2 ||     2
 Stab: Sleeping          |     2 |     3 ||     5
  Eat: Chunk             |     3 |     4 ||     7
Armor: Skin              |     2 |     4 ||     6
Dodge: Dodged            |    17 |    39 ||    56
